 Dungeon Crawl Stone Soup version 0.19-a0-1697-g0595f0e (webtiles) character file.

205 kae the Poker (level 6, -4/47 HPs)
             Began as a Formicid Fighter on Sept 26, 2016.
             Was an Initiate of Makhleb.
             Slain by a bullfrog (7 damage)
             ... on level 6 of the Dungeon.
             The game lasted 00:01:12 (1444 turns).

kae the Poker (Formicid Fighter)                    Turns: 1444, Time: 00:01:12

Health: -4/47      AC:  7    Str: 22    XL:     6   Next: 10%
Magic:  6/6        EV: 13    Int:  8    God:    Makhleb [......]
Gold:   87         SH: 10    Dex: 15    Spells: 0 memorised, 5 levels left

rFire  . . .     SeeInvis +     i - +0 scythe
rCold  . . .     Gourm    .     b - +0 scale mail
rNeg   . . .     Faith    .     c - +0 shield
rPois  .         Spirit   .     (helmet unavailable)
rElec  .         Dismiss  .     (no cloak)
rCorr  .         Reflect  .     (no gloves)
MR     .....     Harm     .     (no boots)
Stlth  +.........               (no amulet)
                                (no ring)
                                (no ring)

@: agile
A: permanent stasis, dig shafts and tunnels, four strong arms, antennae 3
a: Dig, Shaft Self, Renounce Religion


You were on level 6 of the Dungeon.
You worshipped Makhleb.
Makhleb was noncommittal.
You were not hungry.

You visited 1 branch of the dungeon, and saw 4 of its levels.

You collected 87 gold pieces.

Inventory:

Hand Weapons
 a - a +0 trident
 i - a +0 scythe (weapon)
Armour
 b - a +0 scale mail (worn)
 c - a +0 shield (worn)
Jewellery
 j - a +4 ring of intelligence {unknown}
Wands
 d - a wand of teleportation (4/9)
Scrolls
 e - a scroll of amnesia {unknown}
 g - 2 scrolls of identify {unknown}
 h - a scroll of noise {unknown}
 l - a scroll of recharging {unknown}
 o - 2 scrolls of remove curse {unknown}
 q - a scroll of magic mapping {unknown}
Potions
 k - a potion of experience {unknown}
 p - a potion of degeneration {unknown}
Comestibles
 f - 2 bread rations


   Skills:
 - Level 3.2 Fighting
 + Level 5.9 Polearms
 - Level 3.2 Armour
 - Level 3.6 Shields


You had 5 spell levels left.
You didn't know any spells.

Dungeon Overview and Level Annotations

Branches:
Dungeon (3/15)

Altars:
Dithmenos
Gozag
Kikubaaqudgha
Makhleb

Annotations:
D:3 Natasha


Innate Abilities, Weirdness & Mutations

You are under a permanent stasis effect.
You can dig through walls and to a lower floor.
Your four strong arms can wield two-handed weapons with a shield.
You have a pair of large antennae on your head. (SInv)


Message History

You reach to attack!
You closely miss the bullfrog. You block the bullfrog's attack. x2
You hit the bullfrog.
The bullfrog is lightly wounded.
You block the bullfrog's attack. The bullfrog hits you.
* * * LOW HITPOINT WARNING * * *
You hit the bullfrog but do no damage.
The bullfrog is lightly wounded.
The bullfrog barely misses you. The bullfrog hits you.
* * * LOW HITPOINT WARNING * * *
The bullfrog completely misses you.
You closely miss the bullfrog.
The bullfrog is lightly wounded.
The bullfrog hits you but does no damage.
You block the bullfrog's attack. The bullfrog hits you.
* * * LOW HITPOINT WARNING * * *
It was a potion of agility.
You feel agile all of a sudden. The bullfrog hits you!
You die...

#.....#
#.....#
###.....##
........#
#......#
####......#
#.....F...###
#@....#
#.....#
#.....#
#.....#
###.### .# ##


You could see a bullfrog.

Vanquished Creatures
  Sigmund (D:2)
  An adder (D:2)
  A worm (D:2)
  A dart slug (D:2)
  5 bats
  A giant cockroach (D:2)
  3 goblins
  6 hobgoblins
  3 jackals (D:2)
  5 kobolds
  2 frilled lizards
  3 rats
32 creatures vanquished.

Notes
Turn   | Place    | Note
-------+----------+-------------------------------------------
     0 | D:1      | kae the Formicid Fighter began the quest for the Orb.
     0 | D:1      | Reached XP level 1. HP: 18/18 MP: 1/1
   268 | D:1      | Reached XP level 2. HP: 23/24 MP: 2/2
   462 | D:1      | You fall through a shaft!
   472 | D:2      | Reached skill level 3 in Polearms
   481 | D:2      | Noticed Sigmund
   487 | D:2      | Killed Sigmund
   487 | D:2      | Reached skill level 5 in Polearms
   487 | D:2      | Reached XP level 3. HP: 27/29 MP: 3/3
   487 | D:2      | Reached XP level 4. HP: 33/35 MP: 4/4
   487 | D:2      | Reached XP level 5. HP: 39/41 MP: 5/5
   608 | D:2      | Reached XP level 6. HP: 46/47 MP: 6/6
   891 | D:2      | Found an ancient bone altar of Kikubaaqudgha.
   891 | D:2      | Found a shadowy altar of Dithmenos.
   892 | D:2      | Found an opulent altar of Gozag.
   901 | D:2      | Found a burning altar of Makhleb.
  1086 | D:2      | Became a worshipper of Makhleb the Destroyer
  1425 | D:3      | Noticed Natasha
  1438 | D:3      | You fall through a shaft for 3 floors!
  1444 | D:6      | Slain by a bullfrog

Vault maps used:
D:1:      wheals_arrival_shading
D:2:      nicolae_overflow_quartered_altars, uniq_sigmund
D:3:      grunt_qazlal_clouds, first_bread, minmay_cupped, uniq_natasha
D:6:      serial_shops, nicolae_shop_crystal

Skill      XL: |  1  2 |
---------------+-------+-----
Polearms       | 5 |  5.9
Fighting       | |  3.2
Armour         | |  3.2
Shields        | |  3.6

Action                   |  1- 3 |  4- 6 || total
-------------------------+-------+-------++-------
Melee: Trident           |    35 |       ||    35
       Scythe            |       |    90 ||    90
 Abil: Shaft Self        |       |     1 ||     1
  Use: Potion            |     1 |     1 ||     2
  Eat: Chunk             |       |     2 ||     2
Armor: Scale mail        |     7 |    52 ||    59
Dodge: Dodged            |     7 |    52 ||    59
Block: Shield            |    20 |    61 ||    81
